 Dungeon Crawl Stone Soup version 0.24.0-13-gcf9b319 (webtiles) character file.

Game seed: 589968056946336083, levelgen mode: deterministic

60 Balder the Skirmisher (level 3, 0/31 HPs)
             Began as a Centaur Fighter on Dec 24, 2019.
             Slain by an adder (3 damage)
             ... on level 2 of the Dungeon.
             The game lasted 00:06:35 (1051 turns).

Balder the Skirmisher (Centaur Fighter)             Turns: 1051, Time: 00:06:36

Health: 0/31       AC:  6    Str: 18    XL:     3   Next: 80%
Magic:  3/3        EV:  5    Int:  7    God:
Gold:   62         SH:  8    Dex:  9    Spells: 2/2 levels left

rFire    + . .     SeeInvis .   a - +0 war axe
rCold    + . .     Gourm    .   c - +0 shield
rNeg     . . .     Faith    .   b - +0 scale mail
rPois    +         Spirit   .   (no helmet)
rElec    +         Reflect  .   (no cloak)
rCorr    +         Harm     .   (no gloves)
MR       .....                  (no barding)
Stlth    ..........             (no amulet)
HPRegen  0.10/turn              (no ring)
MPRegen  0.08/turn              (no ring)

@: resistant, very quick
A: large, hooves 3, deformed body, speed 2, tough skin 3
a: no special abilities


You were on level 2 of the Dungeon.
You were not hungry.

You visited 1 branch of the dungeon, and saw 2 of its levels.

You collected 62 gold pieces.

Inventory:

Hand Weapons
 a - a +0 war axe (weapon)
Armour
 b - a +0 scale mail (worn)
 c - a +0 shield (worn)
 r - a +0 pair of gloves
Wands
 q - a wand of polymorph (10)
Scrolls
 h - 5 scrolls of identify {unknown}
 i - a scroll of immolation {unknown}
 k - a scroll of teleportation {unknown}
 l - 2 scrolls of remove curse {unknown}
 p - a scroll of fear {unknown}
Potions
 d - 2 potions of might
 j - a potion of agility {unknown}
 m - a potion of brilliance {unknown}
 n - a potion of curing {unknown}
Comestibles
 f - 3 rations
 g - 6 chunks of flesh


   Skills:
 * Level 3.5 Fighting
 * Level 2.6 Axes
 * Level 1.0 Throwing
 + Level 2.3 Armour
 + Level 0.2 Dodging
 + Level 2.3 Shields
 + Level 0.1 Unarmed Combat


You had 2 spell levels left.
You didn't know any spells.
Your spell library was empty.

Dungeon Overview and Level Annotations

Branches:
Dungeon (2/15)

Altars:
Kikubaaqudgha


Innate Abilities, Weirdness & Mutations

You have hooves in place of feet.
Armour fits poorly on your strangely shaped body.
You cover ground very quickly.
You have extremely tough skin. (AC +3)


Message History

You miss the adder. You kick the adder.
The adder is heavily wounded.
The adder barely misses you. The adder bites you but does no damage.
You completely miss the adder. Your kick misses the adder.
The adder is heavily wounded.
The adder bites you but does no damage. You block the adder's attack.
You miss the adder.
The adder is heavily wounded.
You feel sick.
You are no longer poisoned.
The adder bites you but does no damage. The adder barely misses you.
Your shield prevents you from hitting the adder.
The adder is heavily wounded.
The adder barely misses you. The adder bites you but does no damage.
You closely miss the adder. Your kick misses the adder.
The adder is heavily wounded.
The adder bites you.
* * * LOW HITPOINT WARNING * * *
The adder bites you.
You die...

... #.. #.. #########
#.###..###.......#######
_..'...##..............
#............###
#.†............###
#'###.?...###..###...##
.......@..# ##.# ###..##
###....)S.# #.# ##...
#........# #.# ####
#........# #.# #
#........# #.#
##.....#). ... #
##...######.# .. ..
....# #. .## .. .. .. ..
..


You could see an adder.

Vanquished Creatures
  4 dart slugs
  3 ball pythons (D:2)
  7 bats
  A giant cockroach (D:2)
  5 hobgoblins
  7 kobolds
  5 frilled lizards
  9 goblins
  11 rats
52 creatures vanquished.

Notes
Turn   | Place    | Note
-------+----------+-------------------------------------------
     0 | D:1      | Balder the Centaur Fighter began the quest for the Orb.
     0 | D:1      | Reached XP level 1. HP: 19/19 MP: 1/1
   126 | D:1      | Reached XP level 2. HP: 26/26 MP: 2/2
   526 | D:1      | Reached XP level 3. HP: 27/31 MP: 3/3
   880 | D:2      | Reached skill level 1 in Throwing
  1022 | D:2      | Found an ancient bone altar of Kikubaaqudgha.
  1051 | D:2      | Slain by an adder

Levels and vault maps discovered:
D:1:      scummos_arrival_forest, layout_basic
D:2:      layout_rooms, lemuel_doored_altar, first_ration

Skill      XL: |  1  2  3 |
---------------+----------+-----
Axes           | 2 |  2.6
Throwing       | 1 |  1.0
Fighting       | |  3.5
Armour         | |  2.3
Dodging        | |  0.2
Shields        | |  2.3
Unarmed Combat | |  0.1

Action                   || total
-------------------------++-------
Melee: War axe           ||   124
       Kick              ||    24
       Unarmed           ||     1
  Use: Potion            ||     2
Armor: Scale mail        ||    66
Dodge: Dodged            ||    36
Block: Shield            ||    58
